 Dungeon Crawl Stone Soup version 0.20-a0-1074-g6a0a8e1 (webtiles) character file.

7 Duffy the Magician (level 2, -3/25 HPs)
             Began as a Gnoll Wanderer on Apr 29, 2017.
             Killed from afar by Blork the orc (9 damage)
             ... with a magic dart
             ... on level 4 of the Dungeon.
             The game lasted 00:00:34 (282 turns).

Duffy the Magician (Gnoll Wanderer)                  Turns: 282, Time: 00:00:35

Health: -3/25      AC:  5    Str: 14    XL:     2   Next: 4%
Magic:  7/7        EV: 10    Int:  9    God:
Gold:   10         SH:  0    Dex: 13    Spells: 10/10 levels left

rFire    . . .     SeeInvis .   h - +0 dagger (venom)
rCold    . . .     Gourm    .   (no shield)
rNeg     . . .     Faith    .   i - +0 ring mail
rPois    .         Spirit   .   (no helmet)
rElec    .         Reflect  .   (no cloak)
rCorr    .         Harm     .   (no gloves)
MR       +....                  (no boots)
Stlth    +.........             (no amulet)
Regen    0.1/turn               g - ring of protection from magic (curse)
MPRegen  0.1/turn               (no ring)

@: no status effects
A: short attention span, fangs 1, strong nose
a: no special abilities


You were on level 4 of the Dungeon.
You were not hungry.

You visited 1 branch of the dungeon, and saw 4 of its levels.

You collected 10 gold pieces.

Inventory:

Hand Weapons
 b - a +0 hand axe
 h - a +0 dagger of venom (weapon)
Armour
 d - a +0 robe
 i - a +0 ring mail (worn)
Jewellery
 g - a cursed ring of protection from magic (left hand)
Wands
 c - a wand of random effects (15/48)
Potions
 e - a potion of might {unknown}
Books
 a - a book of Minor Magic

   Spells                             Type                      Level
   a - Magic Dart                     Conjuration                  1
   b - Blink                          Translocation                2
   c - Call Imp                       Summoning                    2
   d - Slow                           Hexes                        2
   e - Conjure Flame                  Conjuration/Fire             3
   f - Mephitic Cloud                 Conjuration/Poison/Air       3
Comestibles
 f - a bread ration
 j - 2 chunks of flesh


   Skills:
 + Level 4.0 Fighting
   Level 4.4 Crossbows
 - Level 1.5 Throwing
 - Level 4.8 Spellcasting
 - Level 1.5 Evocations


You had 10 spell levels left.
You didn't know any spells.

Dungeon Overview and Level Annotations

Branches:
Dungeon (4/15)
 Temple: D:4-7

Altars:
Okawaru

Annotations:
D:4 Blork the orc


Innate Abilities, Weirdness & Mutations

You have a short attention span.
You have very sharp teeth.
Your uncanny sense of smell can sniff out nearby items.


Message History

Blork the orc begins to cast a cantrip, but forgets the words!
You hit Blork the orc but do no damage.
Blork the orc looks as sick as possible!
Blork the orc is moderately wounded.
Blork the orc barely misses you.
You hit Blork the orc but do no damage.
Blork the orc looks as sick as possible!
Blork the orc is moderately wounded.
Blork the orc hits you but does no damage.
You hit Blork the orc but do no damage.
Blork the orc looks as sick as possible!
Blork the orc is moderately wounded.
Blork the orc hits you with a war axe of chopping.
You barely miss Blork the orc.
Blork the orc is heavily wounded.
You barely miss Blork the orc.
Blork the orc is heavily wounded.
Blork the orc casts a spell at you. The magic dart hits you!
You die...

#. #.. . #.
#.#.#. #.##.#..
## #.#.... ...
#....##..#
#...>....
######..o##.####
#..<....@.......
######...###....
#...# . #...#
#...# #...#
#...# #...#


You could see Blork the orc.

Vanquished Creatures
  A worm (D:2)
  A goblin (D:2)
  2 hobgoblins
4 creatures vanquished.

Notes
Turn   | Place    | Note
-------+----------+-------------------------------------------
     0 | D:1      | Duffy the Gnoll Wanderer began the quest for the Orb.
     0 | D:1      | Duffy set off with: a book of Minor Magic, a +0 hand axe, a wand of random effects (15/48), a +0 robe, a bread ration
     0 | D:1      | Reached XP level 1. HP: 18/18 MP: 6/6
   133 | D:2      | You fall through a shaft!
   247 | D:3      | Found an iron altar of Okawaru.
   252 | D:3      | Reached XP level 2. HP: 25/25 MP: 7/7
   268 | D:4      | Noticed Blork the orc
   282 | D:4      | Killed from afar by Blork the orc

Vault maps used:
D:1:      tarquinn_simple_flora_water_b, hangedman_decor_points
D:2:      lemuel_doored_altar
D:3:      doesnt_xom_only_xom, nemelex_xobeh_ov_fountains_minmay,
          old_standard_altar, nicolae_ru_sacrificial_ziggurat,
          chequers_ecumenical_altar_simple_redux, gup_sewer_entry_glass,
          nemelex_diamond_rough_becter, uniq_sigmund
D:4:      kennysheep_the_goblin_king, nicolae_overflow_crystal_walls,
          elyvilon_altar_5, uniq_blork_the_orc

Skill      XL: |  1 |
---------------+----+-----
Fighting       | 4 |  4.0
Crossbows      | |  4.4
Throwing       | |  1.5
Spellcasting   | |  4.8
Evocations     | |  1.5

Action                   || total
-------------------------++-------
Melee: Dagger            ||    25
       Bite              ||     3
Armor: Ring mail         ||     8
Dodge: Dodged            ||     8
